 Dungeon Sprint DCSS version 0.32-a0-571-gec57dfcd37 (webtiles) character file.

Game seed: 6513210188087571231

272 rocky1 the Cleaver (level 7, -5/69 (70) HPs)
             Began as a Mountain Dwarf Fighter on Mar 1, 2024.
             Was an Initiate of Gozag.
             Slain by the 27-headed Lernaean hydra (9 damage)
             ... in the Dungeon (Sprint VI: "Thunderdome").
             The game lasted 00:04:58 (758 turns).

rocky1 the Cleaver (Mountain Dwarf Fighter)          Turns: 758, Time: 00:04:58

HP:   -5/69 (70)    AC:  8    Str: 16    XL:     7   Next: 36%
MP:   7/7           EV: 10    Int: 17    God:    Gozag
Gold: 1545          SH:  5    Dex:  9    Spells: 6/6 levels left

rFire   + . .        a - +0 war axe
rCold   . . .        c - +0 buckler
rNeg    . . .        b - +0 scale mail
rPois   .            (no helmet)
rElec   .            (no cloak)
rCorr   .            (no gloves)
SInv    +            (no boots)
Will    ++...        o - amulet "Saegh" {Faith rC+ Int+2} Stlth
                     s - ring of Xibiec {Fire Str-4 Slay+6 SInv}
HPRegen 0.31/turn    p - ring "Ciqaef" {Will++ Int+6}
MPRegen 0.10/turn

%: no teleportation, faith
@: mighty, hasted, lightly drained, very quick
A: runic magic, artefact enchanting
a: Renounce Religion, Potion Petition, Call Merchant, Bribe Branch


You were in the Dungeon.
You worshipped Gozag.
Gozag was most pleased with you.
You visited 1 branch You collected 1905 gold pieces.
You spent 360 gold pieces at shops.

Inventory:

Hand Weapons
 a - a +0 war axe (weapon)
Armour
 b - a +0 scale mail (worn)
 c - a +0 buckler (worn)
Jewellery
 o - the amulet "Saegh" (around neck) {Faith rC+ Int+2}
   (You bought it in a shop in the Dungeon)

   [amulet of faith]

   Faith:     It allows you to gain divine favour quickly.
   Int+2:     It affects your intelligence (+2).
   rC+:       It protects you from cold.
 p - the ring "Ciqaef" (right hand) {Will++ Int+6}
   (You bought it in a shop in the Dungeon)

   [ring of intelligence]

   Int+6:     It affects your intelligence (+6).
   Will++:    It greatly increases your willpower.
 q - the ring "Daarghen" {+Blink rN+ Dex+6 SInv}
   (You bought it in a shop in the Dungeon)

   [ring of dexterity]

   Dex+6:     It affects your dexterity (+6).
   rN+:       It protects you from negative energy.
   SInv:      It lets you see invisible.
   +Blink:    It lets you blink.
 r - the amulet "Qiykolac" {Acrobat *Corrode rPois Str+4 SInv}
   (You bought it in a shop in the Dungeon)

   [amulet of the acrobat]

   Acrobat:   It increases your evasion while moving and waiting.
   Str+4:     It affects your strength (+4).
   rPois:     It protects you from poison SInv: It lets you see invisible.
   *Corrode:  It may corrode you when you take damage.
 s - the ring of Xibiec (left hand) {Fire Str-4 Slay+6 SInv}
   (You bought it in a shop in the Dungeon)

   [ring of fire]

   Fire:      It enhances your fire magic.
   Str-4:     It affects your strength (-4).
   Slay+6:    It affects your accuracy & damage with ranged weapons and melee
   (+6).
   rF+:       It protects you from fire.
   rC-:       It makes you vulnerable to cold.
   SInv:      It lets you see invisible.
 t - the ring "Kiuziul" {Fire Fly rPois MP+9}
   (You bought it in a shop in the Dungeon)

   [ring of fire]

   Fire:      It enhances your fire magic.
   rF+:       It protects you from fire.
   rC-:       It makes you vulnerable to cold.
   rPois:     It protects you from poison MP+9: It affects your magic capacity
   (+9).
   Fly:       It grants you flight.
 u - the ring "Sonwowoi" {rC+ Str+4}
   (You bought it in a shop in the Dungeon)

   [ring of protection from cold]

   Str+4:     It affects your strength (+4).
   rC+:       It protects you from cold.
 v - the amulet "Esoifev" {rC- rN+ Regen+ Int+2 SInv Stlth+}
   (You bought it in a shop in the Dungeon)

   [amulet of regeneration]

   Int+2:     It affects your intelligence (+2).
   rC-:       It makes you vulnerable to cold.
   rN+:       It protects you from negative energy.
   SInv:      It lets you see invisible.
   Regen+:    It increases your rate of health regeneration.
   Stlth+:    It makes you more stealthy.
Scrolls
 j - 3 scrolls of blinking
 n - 3 scrolls of fog
Potions
 e - a potion of curing
 f - 4 potions of heal wounds
 g - 3 potions of haste
 h - 2 potions of magic
 k - a potion of resistance


   Skills:
 + Level 9.0 Fighting
 * Level 9.9 Axes
 + Level 9.0 Armour
 + Level 3.5 Dodging
 + Level 8.9 Shields
 - Level 1.1 Evocations


You had 6 spell levels left.
You didn't know any spells.
Your spell library was empty.

Dungeon Overview and Level Annotations

Branches:
Dungeon (1/1)

Altars:
Cheibriados
Dithmenos
Fedhas
Gozag
Kikubaaqudgha
Makhleb
Okawaru
Qazlal
Ru
Sif Muna
Trog
Uskayaw
Vehumet
Wu Jian
Xom
Yredelemnul
Zin
The Shining One
Beogh
Lugonu

Shops:
D *[=??*?*:[((!!!!

Annotations:
D Lernaean hydra


Innate Abilities, Weirdness & Mutations

Your spellcasting is much less encumbered by armour.
You can use scrolls of enchantment on lesser artefacts.


Message History

The 27-headed Lernaean hydra seems to be corroded for longer.
The 27-headed Lernaean hydra is heavily wounded.
Blink to where?
Press: ? - help, Dir - move target, p - 27-headed Lernaean hydra
As you read the scroll of blinking, it crumbles to dust.
Aiming: Corrosive Bolt
Press: ? - help, Shift-Dir - straight line, f - 27-headed Lernaean hydra
Aim: the 27-headed Lernaean hydra (heavily wounded, covered in acid, 90% to hit)
The bolt of acid hits the 27-headed Lernaean hydra!
The 27-headed Lernaean hydra seems to be corroded for longer.
The 27-headed Lernaean hydra is heavily wounded.
Aiming: Corrosive Bolt
Press: ? - help, Shift-Dir - straight line, f/p - 27-headed Lernaean hydra
Aim: the 27-headed Lernaean hydra (heavily wounded, covered in acid, 90% to hit)
The bolt of acid misses the 27-headed Lernaean hydra.
The now-empty wand crumbles to dust.
Unknown command.
You feel yourself speed up.
Unknown command.
You feel very mighty all of a sudden.
Unknown command.
Okay, then.
Okay, then.
You block the 27-headed Lernaean hydra's attack.
The 27-headed Lernaean hydra bites you but does no damage.
The 27-headed Lernaean hydra bites you.
The 27-headed Lernaean hydra bites you but does no damage.
The 27-headed Lernaean hydra bites you! x2
You block the 27-headed Lernaean hydra's attack.
The 27-headed Lernaean hydra bites you. The 27-headed Lernaean hydra bites you!
The 27-headed Lernaean hydra closely misses you.
The 27-headed Lernaean hydra bites you.
The 27-headed Lernaean hydra closely misses you.
The 27-headed Lernaean hydra bites you. The 27-headed Lernaean hydra bites you!
* * * LOW HITPOINT WARNING * * *
The 27-headed Lernaean hydra bites you!
* * * LOW HITPOINT WARNING * * *
The 27-headed Lernaean hydra bites you!
You die...
Your body crumbles into a pile of gold.

##.....## ##∩.....∩##
#∩.......∩# #........_#
#_......._# #_......._#
###.........### #⌠...........⌠#
######.ß.....D@..ß.######
##∩_._......###......___∩##
##∩........ß.# #.ß........∩###
.............###.............##
........[.###..)###..........⌠#
..........# #.<.# #..........⌠#
..........###...###..........⌠#
.............###.............##
##∩........ß.# #.ß........∩###


You could see the 27-headed Lernaean hydra (corroded).

Vanquished Creatures
  Sigmund (D)
  A wraith (D)
  Pargi (D)
  A wight (D)
  6 vampire bats (D)
  A giant cockroach (D)
  A hobgoblin (D)
  3 quokkas (D)
  A goblin (D)
  2 rats (D)
  A spectral giant cockroach (D)
  A spectral jackal (D)
  2 spectral quokkas (D)
22 creatures vanquished.

Notes
Turn   | Place    | Note
-------+----------+-------------------------------------------
     0 | D        | rocky1 the Mountain Dwarf Fighter began the quest for the
                  | Orb.
     0 | D        | Reached XP level 1. HP: 19/19 MP: 1/1
     4 | D        | Found a burning altar of Makhleb.
     5 | D        | Found an opulent altar of Gozag.
     5 | D        | Found a shadowy altar of Dithmenos.
     5 | D        | Round 1.
     6 | D        | Found a glowing silver altar of Zin.
     6 | D        | Found a shimmering blue altar of Sif Muna.
     7 | D        | Found Ysiut's Do-It-Yourself Clinic.
     7 | D        | Found an ancient bone altar of Kikubaaqudgha.
     7 | D        | Found a blossoming altar of Fedhas.
     7 | D        | Found Faxearewyv's Distillery.
     8 | D        | Found Loobow's Bottled Wisdom.
     8 | D        | Found Velaloph's Distillery.
     9 | D        | Found a stormy altar of Qazlal.
    16 | D        | Became a worshipper of Gozag Ym Sagoz the Greedy
    21 | D        | Found a hide-covered altar of Uskayaw.
    23 | D        | Found a basalt altar of Yredelemnul.
    25 | D        | Found a corrupted altar of Lugonu.
    27 | D        | Found Isugedgh's Staff Store.
    29 | D        | Found Roaph's Must-Have Magic.
    29 | D        | Found Puiclor's Magic Scroll Shop.
    31 | D        | Found a snail-covered altar of Cheibriados.
    31 | D        | Found a bloodstained altar of Trog.
    31 | D        | Found Ewkeumif's Magic Scroll Shop.
    35 | D        | Found a glowing golden altar of the Shining One.
    38 | D        | Found a roughly hewn altar of Beogh.
    40 | D        | Found Giproumado's Timeless Talismans.
    41 | D        | Found a sacrificial altar of Ru.
    41 | D        | Found a shimmering altar of Xom.
    41 | D        | Found Dycliw's Identification Station.
    42 | D        | Found Feffen's Jewellery.
    42 | D        | Found Unoatzov's Advanced Armour.
    54 | D        | Bought a vibrating golden amulet for 45 gold pieces
    54 | D        | Identified the amulet "Saegh" {Faith rC+ Int+2} (You bought
                  | it in a shop in the Dungeon)
    54 | D        | Bought a scintillating granite ring for 45 gold pieces
    54 | D        | Identified the ring "Ciqaef" {Will++ Int+6} (You bought it
                  | in a shop in the Dungeon)
    54 | D        | Bought a clouded lapis lazuli ring for 45 gold pieces
    54 | D        | Identified the ring "Daarghen" {+Blink rN+ Dex+6 SInv} (You
                  | bought it in a shop in the Dungeon)
    70 | D        | Found an iron altar of Okawaru.
    71 | D        | Found an ornate altar of the Wu Jian Council.
    73 | D        | Found a radiant altar of Vehumet.
    75 | D        | Found Gudosax's Premium Goods.
    76 | D        | Found Viggab's Weapon Rack.
    77 | D        | Found Guseciff's Miscellaneous Merchandise.
    77 | D        | Found Vutoith Jene's Basic Armour.
    86 | D        | Noticed Sigmund
    90 | D        | Killed Sigmund
    91 | D        | Reached skill level 1 in Evocations
    91 | D        | Reached XP level 2. HP: 34/34 MP: 2/2
    91 | D        | Reached XP level 3. HP: 39/39 MP: 3/3
    91 | D        | Reached XP level 4. HP: 47/47 MP: 4/4
    91 | D        | Reached XP level 5. HP: 52/52 MP: 5/5
   142 | D        | Arena points: 12 (+12) [x2]
   192 | D        | Bought a sparkling tin amulet for 45 gold pieces
   192 | D        | Identified the amulet "Qiykolac" {Acrobat *Corrode rPois
                  | Str+4 SInv} (You bought it in a shop in the Dungeon)
   192 | D        | Bought a scorched platinum ring for 45 gold pieces
   192 | D        | Identified the ring of Xibiec {Fire Str-4 Slay+6 SInv} (You
                  | bought it in a shop in the Dungeon)
   192 | D        | Bought a slimy steel ring for 45 gold pieces
   192 | D        | Identified the ring "Kiuziul" {Fire Fly rPois MP+9} (You
                  | bought it in a shop in the Dungeon)
   192 | D        | Bought a steaming granite ring for 45 gold pieces
   192 | D        | Identified the ring "Sonwowoi" {rC+ Str+4} (You bought it
                  | in a shop in the Dungeon)
   192 | D        | Bought a bound crystal amulet for 45 gold pieces
   192 | D        | Identified the amulet "Esoifev" {rC- rN+ Regen+ Int+2 SInv
                  | Stlth+} (You bought it in a shop in the Dungeon)
   200 | D        | Round 2.
   305 | D        | Noticed Pargi
   315 | D        | Killed Pargi
   315 | D        | Arena points: 48 (+36) [x3]
   316 | D        | Reached skill level 1 in Dodging
   375 | D        | Round 3.
   383 | D        | Reached XP level 6. HP: 61/61 MP: 6/6
   502 | D        | Arena points: 132 (+84) [x4]
   562 | D        | Round 4.
   601 | D        | Noticed a wraith
   610 | D        | Killed a wraith
   611 | D        | Reached XP level 7. HP: 69/69 MP: 7/7
   693 | D        | Arena points: 272 (+140) [x5]
   741 | D        | Round 5.
   746 | D        | Noticed the 27-headed Lernaean hydra
   758 | D        | Slain by the 27-headed Lernaean hydra

Illustrated notes

Levels and vault maps discovered:
D:        arena_sprint

Skill      XL: |  1  2  3  4  5  6  7 |
---------------+----------------------+-----
Fighting       | 7 8 9 |  9.0
Axes           | 4 7 9 |  9.9
Armour         | 7 8 9 |  9.0
Shields        | 7 8 |  8.9
Evocations     | 1 |  1.1
Dodging        | 1 3 |  3.5

Action                     |  1- 3 |  4- 6 |  7- 9 || total
---------------------------+-------+-------+-------++-------
  Melee: War axe           |     2 |    50 |     5 ||    57
  Evoke: Wand              |     3 |       |     7 ||    10
    Use: Potion            |       |     1 |     2 ||     3
         Scroll            |       |       |     1 ||     1
 Armour: Scale mail        |       |    28 |    16 ||    44
  Dodge: Dodged            |     1 |    36 |     3 ||    40
  Block: Buckler           |       |    18 |     3 ||    21

Table legend: (Time is in decaauts)
 A = Elapsed time spent in this place.
 B = Non-inter-level travel time spent in this place.
 C = Inter-level travel time spent in this place.
 D = Time resting spent in this place.
 E = Time spent auto-exploring this place.
 F = Levels seen in this place.
 G = Mean time per level.
                   A        B        C        D        E       F      G
               +--------+--------+--------+--------+--------+-----+--------+
         Total |    773 |    773 |      0 |    289 |      0 |   1 |  773.0 |
       Dungeon |    773 |    773 |      0 |    289 |      0 |   1 |  773.0 |
               +--------+--------+--------+--------+--------+-----+--------+

Top non-repeatable levels by time:
       D: 773 daAuts
